 Dungeon Crawl Stone Soup version 0.16-a0-3493-gd9d85f0 (webtiles) character file.

7 Pikaro the Sneak (level 1, 0/9 HPs)
             Began as a Spriggan Enchanter on Jan 4, 2015.
             Slain by a jackal (3 damage)
             ... on level 1 of the Dungeon.
             The game lasted 00:00:53 (565 turns).

Pikaro the Sneak (Spriggan Enchanter)                Turns: 565, Time: 00:00:54

Health: 0/9        AC:  3    Str:  4    XL:     1   Next: 83%
Magic:  4/4        EV: 18    Int: 16    God:
Gold:   12         SH:  0    Dex: 16    Spells: 1 memorised, 4 levels left

rFire  . . .     SeeInvis +     a - +1 dagger
rCold  . . .     Clarity  .     b - +1 robe
rNeg   . . .     SustAb   .     (shield restricted)
rPois  .         Gourm    .     (helmet restricted)
rElec  .         Spirit   .     (no cloak)
rCorr  .         Warding  .     (gloves unavailable)
rMut   .         Stasis   .     (boots unavailable)
MR     .....                    (no amulet)
Stlth  +++.......               (no ring)
                                (no ring)

@: very quick, not resistant to hostile enchantments, fairly stealthy
A: unfitting armour, see invisible, herbivore 3, speed 3, slow metabolism 2
a: no special abilities


You were on level 1 of the Dungeon.
You were not hungry.

You visited 1 branch of the dungeon, and saw 1 of its levels.

You collected 12 gold pieces.

Inventory:

Hand weapons
 a - a +1 dagger (weapon)
Armour
 b - a +1 robe (worn)
Potions
 e - 2 potions of heal wounds {unknown}
 f - a potion of haste {unknown}
Books
 c - a book of Maledictions
Comestibles
 d - a bread ration {@e1}


   Skills:
 + Level 1.3 Short Blades
 - Level 3.0 Dodging
 + Level 5.1 Stealth
 - Level 2.6 Spellcasting
 - Level 3.6 Hexes


You had 4 spell levels left.
You knew the following spells:

 Your Spells              Type           Power        Failure   Level  Hunger
A - Corona                Hex            ##.....      6%          1    #......


Dungeon Overview and Level Annotations

Branches:
Dungeon (1/15)

Altars:


Innate Abilities, Weirdness & Mutations

You are tiny and cannot use many weapons and most armour.
You have supernaturally acute eyesight.
You are a herbivore.
You cover ground extremely quickly.
You need consume almost no food.


Message History

The bosom of this dungeon contains the most powerful artefact, the Orb of Zot.
There is a staircase leading out of the dungeon here.
You open the door.
A giant newt and a goblin come into view.
The goblin shouts!
You hit the goblin. The goblin hits you.
You take 4 damage, and have 5/9 hp.
MASSIVE DAMAGE!!
You hit the goblin.
You kill the goblin!
You hit the giant newt.
You kill the giant newt!
You see here a goblin corpse.
You start resting.
You regained 3 hp, and now have 8/9 hp.
You start resting.
Health restored: 9 Total turns waited: 131
e - a glowing coppery potion A rat comes into view.
You barely miss the rat. The rat completely misses you.
You hit the rat but do no damage. The rat closely misses you.
You hit the rat. The rat misses you.
You barely miss the rat. The rat closely misses you.
You barely miss the rat. The rat bites you.
You take 2 damage, and have 7/9 hp.
MASSIVE DAMAGE!!
You hit the rat.
You kill the rat!
You start resting.
Health restored: 9 Total turns waited: 66 A hobgoblin comes into view.
A goblin comes into view.
The helpless hobgoblin fails to defend itself.
You impale the hobgoblin!!
You kill the hobgoblin!
You see here a silvery potion.
You hit the goblin. The goblin hits you.
You take 3 damage, and have 6/9 hp.
MASSIVE DAMAGE!!
You closely miss the goblin. The goblin closely misses you.
You barely miss the goblin. The goblin misses you.
You hit the goblin.
You kill the goblin!
You see here a goblin corpse.
You start resting.
Health restored: 9 Total turns waited: 96
f - a silvery potion You see here a goblin corpse.
e - 2 glowing coppery potions (gained 1)
A kobold comes into view. It is wielding a dagger.
You hit the kobold. The kobold completely misses you.
You barely miss the kobold. The kobold hits you but does no damage.
You closely miss the kobold. The kobold completely misses you.
You hit the kobold.
You kill the kobold!
You see here a dagger.
A giant newt and a rat come into view.
You closely miss the giant newt. The giant newt misses you.
You hit the giant newt.
You kill the giant newt!
Your Stealth skill increases to level 5!
You hit the rat.
You kill the rat!
You see here a rat corpse.
You now have 12 gold pieces.
A jackal comes into view.
Spoiler Alert: The jackal (wandering) is fast!
A hobgoblin comes into view.
Spoiler Alert: The jackal (wandering) is fast!
A giant newt comes into view.
The hobgoblin shouts!
You hear a shout!
A kobold comes into view.
Spoiler Alert: The jackal is fast!
A jackal comes into view.
Warning x2: The jackal is fast! x2
You barely miss the hobgoblin.
The kobold moves out of view.
The hobgoblin hits you.
You take 3 damage, and have 6/9 hp.
MASSIVE DAMAGE!!
You closely miss the jackal. The jackal closely misses you.
You hit the jackal but do no damage.
Warning x2: The jackal is fast! x2
You hit the jackal.
The jackal bites you but does no damage.
The jackal bites you.
You take 3 damage, and have 3/9 hp.
MASSIVE DAMAGE!!
The jackal misses you.
Warning x2: The jackal is fast! x2
You hit the jackal.
The jackal bites you but does no damage.
You hit the jackal. The jackal closely misses you.
You closely miss the jackal. The jackal barely misses you.
The jackal misses you.
You hit the jackal but do no damage. The jackal bites you.
The jackal bites you.
You die...

.................#.
######..########.#..# # ####..#
##..#..# # #>....# #...#..# #
#.##.## ##..#..# ###.##.##
##.#..# ........# #.#..# .
........# #h#..# #.. ###.###รท##
##@h..# #.. ##.......#
##..#..####.## ##...##..#
##...#..##....# ##.#.#...#
##....#..##....# .#
##.#.....###.....#........####..#
...........'.....#..............#
##.......###.....#..##..........#
##..#.### ##....#..##..<.####..#
#.#### ##...#..##....#


You could see 2 jackals.

Vanquished Creatures
  A hobgoblin (D:1)
  A kobold (D:1)
  2 giant newts (D:1)
  2 goblins (D:1)
  2 rats (D:1)
8 creatures vanquished.

Notes
Turn   | Place    | Note
--------------------------------------------------------------
     0 | D:1      | Pikaro, the Spriggan Enchanter, began the quest for the Orb.
     0 | D:1      | Reached XP level 1. HP: 9/9 MP: 4/4
   487 | D:1      | Reached skill level 5 in Stealth
   565 | D:1      | Slain by a jackal

Action                   || total
-------------------------++-------
Melee: Dagger            ||    29
 Stab: Sleeping          ||     1

Vault maps used:
D:1:      dpeg_arrival_boxes_within_box

Table legend:
 A = Turns spent in this place as a percentage of turns spent in the entire game.
 B = Non-inter-level travel turns spent in this place as a percentage of non-inter-level travel turns spent in the entire game.
 C = Inter-level travel turns spent in this place as a percentage of turns spent in this place.
 D = Turns resting spent in this place as a percentage of non-inter-level travel turns spent in this place.
 E = Turns spent auto-exploring this place as a percentage of non-inter-level travel turns spent in this place.
 F = Non-inter-level travel turns spent in this place divided by the number of levels of this place that you've seen.
                   A       B       C       D       E      F
               +-------+-------+-------+-------+-------+----------------------
         Total | 100.0 | 100.0 |   0.0 |   5.5 |   6.3 | 127.0
       Dungeon | 100.0 | 100.0 |   0.0 |   5.5 |   6.3 | 127.0
               +-------+-------+-------+-------+-------+----------------------

Table legend:
 A = Kills in this place as a percentage of kills in entire the game.
 B = Kills by you in this place as a percentage of kills by you in the entire game.
 C = Kills by friends in this place as a percentage of kills by friends in the entire game.
 D = Other kills in this place as a percentage of other kills in the entire game.
 E = Experience gained in this place as a percentage of experience gained in the entire game.
 F = Experience gained in this place divided by the number of levels of this place that you have seen.
                   A       B       C       D       E      F
               +-------+-------+-------+-------+-------+----------------------
         Total | 100.0 | 100.0 |  -nan |  -nan | 100.0 |  10.0
       Dungeon | 100.0 | 100.0 |  -nan |  -nan | 100.0 |  10.0
               +-------+-------+-------+-------+-------+----------------------
